 Dungeon Sprint DCSS version 0.28-a0-1524-ge72afd5fc6 (webtiles) character file.

Game seed: 16424706965234566569

3637 mhtbhm the Ninja (level 9, -21/46 HPs)
             Began as a Spriggan Brigand on Jan 17, 2022.
             Was a High Priest of Dithmenos.
             Killed from afar by Dowan (31 damage)
             ... with a shard of ice
             ... in the Dungeon (Sprint III: "The Ten Rune Challenge").
             The game lasted 00:03:39 (1184 turns).

mhtbhm the Ninja (Spriggan Brigand)                 Turns: 1184, Time: 00:03:39

Health: -21/46     AC:  5    Str:  7    XL:     9   Next: 87%
Magic:  10/10      EV: 19    Int: 12    God:    Dithmenos [*****.]
Gold:   34         SH:  0    Dex: 21    Spells: 8/8 levels left

rFire   + + .      SeeInvis +   a - +2 dagger
rCold   . . .      Faith    .   (no shield)
rNeg    . . .      Spirit   .   b - +2 robe {rF+}
rPois   .          Reflect  .   (helmet restricted)
rElec   .          Harm     .   c - +0 cloak
rCorr   .          Rampage  .   (gloves unavailable)
Will    +....      NoTele   +   (boots unavailable) Stlth ******++++
                                (no amulet)
HPRegen 0.15/turn               (no ring)
MPRegen 0.12/turn               (no ring)

@: on berserk cooldown, slowed, wreathed by umbra, quick
A: very small, no large weapons, unfitting armour, see invisible, speed 3, fire
resistance 1
a: Renounce Religion, Shadow Step, Shadow Form


You were in the Dungeon.
You worshipped Dithmenos.
Dithmenos was extremely pleased with you.
You visited 1 branch You collected 34 gold pieces.

Inventory:

Hand Weapons
 a - a +2 dagger (weapon)
Missiles
 d - 5 poisoned darts (quivered)
Armour
 b - a +2 robe of fire resistance (worn)
 c - a +0 cloak (worn)
Scrolls
 k - a scroll of blinking
 m - a scroll of holy word {unknown}
 n - 2 scrolls of identify {unknown}
 q - a scroll of immolation {unknown}
Potions
 f - 2 potions of curing
 g - a potion of heal wounds
 h - a potion of haste
 i - 2 potions of magic
 j - a potion of berserk rage
 l - 2 potions of mutation
 o - a potion of attraction {unknown}
 p - 4 potions of flight
 s - a potion of might
Miscellaneous
 t - a condenser vane (inert)


   Skills:
 + Level 4.6 Fighting
 + Level 8.9 Short Blades
 + Level 9.5 Throwing
 + Level 4.2 Dodging
 O Level 27 Stealth
 + Level 3.7 Evocations


You had 8 spell levels left.
You didn't know any spells.
Your spell library contained the following spells:

 Spells                   Type           Power      Damage    Failure   Level
 Summon Small Mammal      Summ           0%         N/A       32%         1
 Call Canine Familiar     Summ           0%         N/A       69%         3
 Summon Guardian Golem    Hex/Summ       0%         N/A       69%         3


Dungeon Overview and Level Annotations

Branches:
Dungeon (1/1)

Altars:
Cheibriados
Dithmenos
Elyvilon
Fedhas
Gozag
Hepliaklqana
Kikubaaqudgha
Makhleb
Nemelex Xobeh
Okawaru
Qazlal
Ru
Sif Muna
Trog
Uskayaw
Vehumet
Wu Jian
Xom
Yredelemnul
Zin
The Shining One
Beogh
Jiyva
Lugonu

Annotations:
D Dowan


Innate Abilities, Weirdness & Mutations

You are very small and have problems with some larger weapons.
You are too small for most types of armour.
You have supernaturally acute eyesight. (SInv)
You cover ground extremely quickly. (Speed+++)
Your flesh is heat resistant. (rF+)


Message History

You are too injured to fight recklessly!
You are too injured to fight recklessly!
You are too injured to fight recklessly!
You are too injured to fight recklessly!
You are too injured to fight recklessly!
You are too injured to fight recklessly!
You are too injured to fight recklessly!
You are too injured to fight recklessly!
Unknown command.
Clouds of flame condense around you!
The condenser dries out!
Dowan is engulfed in blazing flames.
Dowan hits you with a +2 morningstar of distortion!
* * * LOW HITPOINT WARNING * * *
Space warps around you.
* * * LOW HITPOINT WARNING * * *
Dowan is engulfed in blazing flames.
Dowan casts a spell.
Dowan blinks!
Unknown command.
You feel better.
Unknown command.
Okay, then.
Non-targeted evoke: condenser vane (inert)
Press: ? - help, Q - select action, (/) - cycle Dir - look around, f - activate
Okay, then.
Throw: 7 darts (poison)
Press: ? - help, Q - select action, (/) - cycle Shift-Dir - straight line, f - Dowan
Aim: Dowan, wielding a +2 morningstar of distortion (almost dead, fast, umbra, 60% to hit)
You throw a poisoned dart. The poisoned dart closely misses Dowan.
Dowan mumbles some strange words.
Dowan blinks!
Throw: 6 darts (poison)
Press: ? - help, Q - select action, (/) - cycle Shift-Dir - straight line, f/p - Dowan
Aim: Dowan, wielding a +2 morningstar of distortion (almost dead, fast, umbra, 60% to hit)
You throw a poisoned dart. The poisoned dart hits Dowan.
Dowan is poisoned.
Dowan is almost dead.
Dowan casts a spell at you. The shard of ice hits you!!
Ouch! That really hurt!
You die...

+#####################
....#.#.#)....#.^....+
#.#.)#.##.###.#......#
##.#.#.##.#).##....e.#
...#..#†.##.['.^.^..^#
▓▓▓▓▓▓▓▓▓▓▓▓▓#..^....#
.......≈≈≈...#.......#
≈≈≈≈≈≈≈≈≈♣♣P.'^^§§§..#
♣♣♣♣♣♣♣♣♣♣♣PP#..@§§§(#
♣♣♣##'###### #...+
#...# #..)# #####


You could see Dowan (fast, poisoned).

Vanquished Creatures
  Erolcha (D)
  A deep elf pyromancer (D)
  Duvessa (D)
  3 wandering mushrooms (D)
  A shadow (D)
  2 redbacks (D)
  A spatial vortex (D)
  A necrophage (D)
  5 two-headed ogres (D)
  A scorpion (D)
  A water elemental (D)
  A jelly (D)
  A wizard (D)
  A necromancer (D)
  3 humans (D)
  A kobold demonologist (D)
  An endoplasm (D)
  3 rats (D)
29 creatures vanquished.

Notes
Turn   | Place    | Note
-------+----------+-------------------------------------------
     0 | D        | mhtbhm the Spriggan Brigand began the quest for the Orb.
     0 | D        | Reached XP level 1. HP: 10/10 MP: 2/2
    10 | D        | Reached skill level 6 in Stealth
    32 | D        | Reached skill level 7 in Stealth
    72 | D        | Reached skill level 9 in Stealth
    72 | D        | Reached XP level 2. HP: 15/15 MP: 3/3
   181 | D        | Noticed a scorpion
   192 | D        | Killed a scorpion
   193 | D        | Reached skill level 11 in Stealth
   193 | D        | Reached XP level 3. HP: 18/18 MP: 4/4
   193 | D        | Reached XP level 4. HP: 23/23 MP: 5/5
   232 | D        | Gained mutation: Your flesh is heat resistant. (rF+)
                  | [potion of mutation]
   238 | D        | Noticed a water elemental
   241 | D        | Killed a water elemental
   242 | D        | Reached skill level 13 in Stealth
   245 | D        | Found a radiant altar of Vehumet.
   246 | D        | Found a shimmering blue altar of Sif Muna.
   246 | D        | Found an ancient bone altar of Kikubaaqudgha.
   246 | D        | Noticed a wizard
   247 | D        | Killed a wizard
   248 | D        | Reached skill level 14 in Stealth
   248 | D        | Reached XP level 5. HP: 27/27 MP: 6/6
   271 | D        | Found a basalt altar of Yredelemnul.
   271 | D        | Found a shadowy altar of Dithmenos.
   271 | D        | Found a sacrificial altar of Ru.
   271 | D        | Noticed a necrophage
   274 | D        | Reached skill level 5 in Throwing
   274 | D        | Killed a necrophage
   275 | D        | Reached skill level 5 in Short Blades
   275 | D        | Reached skill level 16 in Stealth
   275 | D        | Reached XP level 6. HP: 32/32 MP: 7/7
   278 | D        | Became a worshipper of Dithmenos the Shadowed
   292 | D        | Found a glowing silver altar of Zin.
   292 | D        | Found a glowing golden altar of the Shining One.
   292 | D        | Found a white marble altar of Elyvilon.
   293 | D        | Noticed a deep elf pyromancer
   295 | D        | Killed a deep elf pyromancer
   296 | D        | Reached skill level 20 in Stealth
   296 | D        | Reached XP level 7. HP: 37/37 MP: 8/8
   305 | D        | Found a hide-covered altar of Uskayaw.
   305 | D        | Found an iron altar of Okawaru.
   306 | D        | Found a bloodstained altar of Trog.
   306 | D        | Found an ornate altar of the Wu Jian Council.
   306 | D        | Noticed a human
   306 | D        | Noticed a human
   308 | D        | Killed a human
   309 | D        | Killed a human
   309 | D        | Reached * piety under Dithmenos
   310 | D        | Reached skill level 21 in Stealth
   326 | D        | Noticed a shadow
   328 | D        | Killed a shadow
   329 | D        | Reached XP level 8. HP: 42/42 MP: 9/9
   333 | D        | Reached skill level 22 in Stealth
   335 | D        | Found a blossoming altar of Fedhas.
   335 | D        | Found a stormy altar of Qazlal.
   336 | D        | Found a snail-covered altar of Cheibriados.
   336 | D        | Found a burning altar of Makhleb.
   336 | D        | Found a hazy altar of Hepliaklqana.
   336 | D        | Found a shimmering altar of Xom.
   336 | D        | Found an opulent altar of Gozag.
   336 | D        | Found a sparkling altar of Nemelex Xobeh.
   336 | D        | Found a corrupted altar of Lugonu.
   336 | D        | Found a viscous altar of Jiyva.
   340 | D        | Reached ** piety under Dithmenos
   384 | D        | Reached skill level 23 in Stealth
   537 | D        | Noticed a two-headed ogre
   540 | D        | Killed a two-headed ogre
   540 | D        | Reached *** piety under Dithmenos
   541 | D        | Reached skill level 1 in Evocations
   545 | D        | Noticed a two-headed ogre
   545 | D        | Noticed Erolcha
   547 | D        | Killed Erolcha
   548 | D        | Reached skill level 25 in Stealth
   548 | D        | Reached XP level 9. HP: 46/46 MP: 10/10
   548 | D        | Killed a two-headed ogre
   605 | D        | Reached skill level 26 in Stealth
   683 | D        | Reached **** piety under Dithmenos
   822 | D        | Noticed a wandering mushroom
   826 | D        | Noticed a wandering mushroom
   828 | D        | Noticed a wandering mushroom
   829 | D        | Killed a wandering mushroom
   834 | D        | Killed a wandering mushroom
   862 | D        | HP: 2/46 [wandering mushroom (16)]
  1164 | D        | Noticed Duvessa
  1165 | D        | Noticed Dowan
  1168 | D        | Killed Duvessa
  1168 | D        | Reached ***** piety under Dithmenos
  1169 | D        | Reached skill level 27 in Stealth
  1181 | D        | HP: 1/46 [Dowan (4)]
  1184 | D        | Killed from afar by Dowan

Illustrated notes

Levels and vault maps discovered:
D:        dungeon_sprint_mu [sprint_mu_entry_cave, sprint_mu_temple_rooms,
          sprint_mu_d1_spiders, sprint_mu_d2_genie, sprint_mu_d3_branching,
          sprint_mu_orc_legion, sprint_mu_elf_gauntlet, sprint_mu_hive_nellie,
          sprint_mu_lair_fedhas, sprint_mu_vaults_butterflies,
          sprint_mu_slime_circle, sprint_mu_shoals_archi,
          sprint_mu_snake_twists, sprint_mu_blade_basic,
          sprint_mu_crypt_fortress, sprint_mu_tomb_spiral,
          sprint_mu_vestibule_basic, sprint_mu_gehenna_hellfire,
          sprint_mu_dis_giant, sprint_mu_tartarus_statrot,
          sprint_mu_cocytus_islands, sprint_mu_zot1]

Skill      XL: |  1  2  3  4  5  6  7  8  9 |
---------------+----------------------------+-----
Stealth        | 9 11 14 16 20 21 25 27 | 27.0
Fighting       | 2 3 4 |  4.6
Short Blades   | 3 4 5 6 7 8 |  8.9
Throwing       | 3 4 5 6 7 8 9 |  9.5
Dodging        | 2 3 4 |  4.2
Evocations     | 2 3 |  3.7

Action                   |  1- 3 |  4- 6 |  7- 9 || total
-------------------------+-------+-------+-------++-------
Melee: Dagger            |     8 |     6 |    38 ||    52
Throw: Dart              |     9 |       |    18 ||    27
Evoke: Wand              |       |       |     4 ||     4
       Condenser vane    |       |       |     2 ||     2
  Use: Potion            |       |     1 |     2 ||     3
 Stab: Sleeping          |     3 |     6 |    12 ||    21
       Distracted        |       |       |     1 ||     1
Armor: Robe              |       |       |     1 ||     1
Dodge: Dodged            |     2 |       |    10 ||    12

Table legend: (Time is in decaauts)
 A = Elapsed time spent in this place.
 B = Non-inter-level travel time spent in this place.
 C = Inter-level travel time spent in this place.
 D = Time resting spent in this place.
 E = Time spent auto-exploring this place.
 F = Levels seen in this place.
 G = Mean time per level.
                   A        B        C        D        E       F      G
               +--------+--------+--------+--------+--------+-----+--------+
         Total |   1028 |   1028 |      0 |    689 |     13 |   1 | 1028.0 |
       Dungeon |   1028 |   1028 |      0 |    689 |     13 |   1 | 1028.0 |
               +--------+--------+--------+--------+--------+-----+--------+

Top non-repeatable levels by time:
       D: 1028 daAuts
